Canucks vs Sharks

Created - Thursday, November 06, 2014 at 21:37

Goals
1 2 3 OT1 T
Canucks 1 0 0 0 1
Sharks 1 0 0 1 2
Shots
1 2 3 OT1 T
Canucks 12 11 5 0 28
Sharks 9 5 8 2 24

1st period

1. Sharks , Mike Weber 1 (Brian Gionta, Nathan Gerbe) at 8:16
2. Canucks , Cody Hodgson 2 (Brendan Gallagher) at 10:42 (PP)

Penalties :
Andrew Ebbett (SJ ) for Holding (Minor) at 2:46, Willie Mitchell (Van) for Hooking (Minor) at 5:58, Mike Weber (SJ ) for Tripping (Minor) at 9:43

2nd period

No Goal

Penalties :
Henrik Sedin (SJ ) for Hooking (Minor) at 5:51, Mike Weber (SJ ) for Hooking (Minor) at 6:29, Dion Phaneuf (SJ ) for Roughing (Minor) at 9:33, Willie Mitchell (Van) for Delaying the game (Minor) at 13:32

3rd period

No Goal

Penalties :
Mark Fistric (SJ ) for Interference (Minor) at 2:02, Mark Fistric (SJ ) for Roughing (Minor) at 8:04, Mike Weber (SJ ) for Interference (Minor) at 19:03

Overtime #1

3. Sharks , Erik Gustafsson 1 (Henrik Sedin) at 0:59 (SH)

Penalties :
No Penalty

Goalie Stats

Ben Bishop (Van), 22 saves from 24 shots - (0.917), OTL, 8-3-3, 60:59 minutes
Antti Raanta (SJ ), 27 saves from 28 shots - (0.964), W, 1-8-1, 60:59 minutes

Players Stats for Canucks

Player Name              G  A  P  +/- PIM S  H  SB GA TA FO     MP     PP MP  PK MP  
------------------------------------------------------------------------------------
Andrei Markov            0  0  0  -1  0   2  1  4  0  1  0/0    28:07   7:49   2:54 
Boyd Gordon              0  0  0   0  0   0  0  0  2  1  4/8    14:46   0:00   3:05 
Brendan Gallagher        0  1  1   0  0   1  0  1  3  0  0/0    18:12   6:06   0:00 
Christopher Tanev        0  0  0  -1  0   1  0  1  0  0  0/0    19:48   4:39   1:04 
Clarke MacArthur         0  0  0  -1  0   4  4  0  4  0  0/1    20:06   6:22   0:21 
Cody Hodgson             1  0  1   0  0   3  4  0  3  0  3/8    16:12   6:06   0:00 
James Wright             0  0  0   0  0   0  0  0  0  0  0/0    12:06   0:00   3:02 
Jared Cowen              0  0  0   0  0   1  1  0  1  1  0/0    13:04   0:00   0:00 
Kyle Brodziak            0  0  0  -1  0   0  0  0  2  2  8/11   10:16   0:00   0:53 
Mason Raymond            0  0  0   0  0   1  0  0  4  0  0/1    11:41   0:00   0:00 
Michael Grabner          0  0  0   0  0   2  0  0  3  0  0/0    16:46   6:22   0:00 
Niklas Hjalmarsson       0  0  0  -1  0   2  1  0  1  1  0/0    19:48   4:39   1:04 
Pavel Datsyuk            0  0  0  -1  0   3  1  0  3  0  10/19  19:45   6:22   0:00 
Ryan White               0  0  0  -1  0   0  2  0  0  0  0/0    12:35   0:00   0:35 
Ryane Clowe              0  0  0   0  0   3  3  0  1  0  0/0    16:12   6:06   0:00 
Victor Hedman            0  0  0  -1  0   2  2  2  3  1  0/0    28:07   7:49   2:54 
Willie Mitchell          0  0  0  -1  4   3  2  1  0  2  0/0    13:40   0:00   0:00 
Zack Kassian             0  0  0   0  0   0  1  0  2  0  1/1     8:45   0:00   0:00 

Players Stats for Sharks

Player Name              G  A  P  +/- PIM S  H  SB GA TA FO     MP     PP MP  PK MP  
------------------------------------------------------------------------------------
Adam Hall                0  0  0   1  0   1  3  0  1  2  8/11   16:35   0:00   3:01 
Alexandre Bolduc         0  0  0   0  0   0  0  0  0  0  0/1     0:43   0:00   0:43 
Andrew Ebbett            0  0  0   0  2   0  0  0  1  0  0/0     6:58   0:00   0:00 
Blake Comeau             0  0  0   0  0   1  0  0  0  1  0/1     6:39   0:00   0:00 
Brian Gionta             0  1  1   1  0   4  0  0  0  0  1/1    13:23   0:00   0:00 
Deryk Engelland          0  0  0   0  0   1  3  1  0  1  1/1    15:45   2:14   0:00 
Dion Phaneuf             0  0  0   1  2   2  1  4  0  3  0/0    25:20   1:49   8:02 
Erik Gustafsson          1  0  1   2  0   1  2  2  0  2  0/0    18:44   0:00   4:40 
Henrik Sedin             0  1  1   1  2   0  2  0  3  0  7/15   24:41   1:44   7:00 
Jay Harrison             0  0  0   0  0   1  2  1  0  2  0/0    22:23   2:09   5:02 
Mark Fistric             0  0  0   1  4   0  0  0  0  2  0/0    12:24   0:00   0:00 
Matt Hendricks           0  0  0   0  0   1  0  0  0  0  0/0    15:45   2:14   0:00 
Matt Read                0  0  0   0  0   1  0  0  1  0  1/2    19:38   1:44   7:22 
Mike Green               0  0  0   0  0   1  1  0  1  0  0/0    22:23   2:09   5:02 
Mike Weber               1  0  1   0  6   2  3  2  1  4  0/0    22:11   1:49   4:07 
Nathan Gerbe             0  1  1   1  0   3  0  0  2  0  0/0    12:52   0:00   0:00 
Olli Jokinen             0  0  0   0  0   4  2  0  4  1  4/14   18:59   2:14   3:14 
Rich Peverley            0  0  0   0  0   1  0  0  2  0  1/3    13:37   1:44   3:14 

3 Stars

1 - Antti Raanta (SJ )
2 - Erik Gustafsson (SJ )
3 - Cody Hodgson (Van)

Power Play

Canucks - 1 on 8 Attempt(s) - 12.50%
Sharks - 0 on 2 Attempt(s) - 0.00%

Penalty Kill

Canucks - 2 on 2 Attempt(s) - 100.00% - Score 0 goal in Penalty Kill
Sharks - 7 on 8 Attempt(s) - 87.50% - Score 1 goal in Penalty Kill

Official

Referees : Unknown
Linesman : Unknown

Game Notes

No Game Note

Finance

Level 1 -- Attendance: 6000 (100.00%) -- Ticket Income $534,000
Level 2 -- Attendance: 3279 (65.58%) -- Ticket Income $226,251
Level 3 -- Attendance: 1342 (67.10%) -- Ticket Income $46,970
Level 4 -- Attendance: 2324 (58.10%) -- Ticket Income $58,100
Luxury Box -- Attendance: 741 (74.10%) -- Ticket Income $147,459
Game was played at the HP Pavilion
Total Attendance: 13686 (76.03%)
Total Ticket Income: $1,012,780
Other Income: $496,262
Total Income: $1,509,042

Canucks

5 vs 5 Forward 
   Center                   Left Wing                Right Wing               Time % Phy DF OF 
 1 Pavel Datsyuk            Clarke MacArthur         Brendan Gallagher        35     1   2  2  
 2 Cody Hodgson             Ryane Clowe              Michael Grabner          30     1   2  2  
 3 Boyd Gordon              Mason Raymond            Ryan White               22     1   2  2  
 4 Kyle Brodziak            James Wright             Zack Kassian             13     1   2  2  

5 vs 5 Defense 
   Defense                  Defense                                           Time % Phy DF OF 
 1 Andrei Markov            Victor Hedman                                     35     1   2  2  
 2 Niklas Hjalmarsson       Christopher Tanev                                 30     1   2  2  
 3 Jared Cowen              Willie Mitchell                                   22     1   2  2  
 4 Andrei Markov            Victor Hedman                                     13     1   2  2  

PowerPlay Forward 
   Center                   Left Wing                Right Wing               Time % Phy DF OF 
 1 Pavel Datsyuk            Clarke MacArthur         Michael Grabner          60     1   2  2  
 2 Cody Hodgson             Ryane Clowe              Brendan Gallagher        40     1   2  2  

PowerPlay Defense
   Defense                  Defense                                           Time % Phy DF OF 
 1 Andrei Markov            Victor Hedman                                     60     1   2  2  
 2 Niklas Hjalmarsson       Christopher Tanev                                 40     1   2  2  

Penalty Kill 4 Players Forward 
   Center                   Wing                     Time % Phy DF OF 
 1 Boyd Gordon              James Wright             60     1   2  2  
 2 Kyle Brodziak            Ryan White               40     1   2  2  

Penalty Kill 4 Players Defense
   Defense                  Defense                  Time % Phy DF OF 
 1 Andrei Markov            Victor Hedman            60     1   2  2  
 2 Niklas Hjalmarsson       Christopher Tanev        40     1   2  2  

Penalty Kill - 3 Players Forward 
   Forward                                           Time % Phy DF OF 
 1 Boyd Gordon                                       60     1   2  2  
 2 Kyle Brodziak                                     40     1   2  2  

Penalty Kill - 3 Players Defense
   Defense                  Defense                  Time % Phy DF OF 
 1 Andrei Markov            Victor Hedman            60     1   2  2  
 2 Niklas Hjalmarsson       Christopher Tanev        40     1   2  2  

4 vs 4 Forward 
   Center                   Wing                     Time % Phy DF OF 
 1 Pavel Datsyuk            Clarke MacArthur         60     1   2  2  
 2 Cody Hodgson             Ryane Clowe              40     1   2  2  

4 vs 4 Defense
   Defense                  Defense                  Time % Phy DF OF 
 1 Andrei Markov            Victor Hedman            60     1   2  2  
 2 Niklas Hjalmarsson       Christopher Tanev        40     1   2  2  

Last Minutes Offensive
   Center                   Left Wing                Right Wing               Defense                  Defense                  
   Pavel Datsyuk            Ryane Clowe              Brendan Gallagher        Andrei Markov            Victor Hedman            

Last Minutes Defensive
   Center                   Left Wing                Right Wing               Defense                  Defense                  
   Boyd Gordon              James Wright             Kyle Brodziak            Andrei Markov            Victor Hedman            

Goaltenders
Starting : Ben Bishop               
Backup : Jake Allen               

Extra Forwards
Normal : Mason Raymond, Brendan Gallagher, Pavel Datsyuk - PP : Mason Raymond, Brendan Gallagher - PK : James Wright
Extra Defensemen
Normal : Jared Cowen, Willie Mitchell, Niklas Hjalmarsson - PP : Jared Cowen - PK : Willie Mitchell, Niklas Hjalmarsson
Penalty Shots
Pavel Datsyuk, Mason Raymond, Michael Grabner, Cody Hodgson, Kyle Brodziak

Sharks

5 vs 5 Forward 
   Center                   Left Wing                Right Wing               Time % Phy DF OF 
 1 Henrik Sedin             Matt Read                Rich Peverley            35     1   2  2  
 2 Olli Jokinen             Matt Hendricks           Deryk Engelland          30     1   2  2  
 3 Adam Hall                Nathan Gerbe             Brian Gionta             22     1   2  2  
 4 Blake Comeau             Andrew Ebbett            Henrik Sedin             13     1   2  2  

5 vs 5 Defense 
   Defense                  Defense                                           Time % Phy DF OF 
 1 Dion Phaneuf             Mike Weber                                        35     1   2  2  
 2 Mike Green               Jay Harrison                                      30     1   2  2  
 3 Mark Fistric             Erik Gustafsson                                   22     1   2  2  
 4 Dion Phaneuf             Mike Weber                                        13     1   2  2  

PowerPlay Forward 
   Center                   Left Wing                Right Wing               Time % Phy DF OF 
 1 Henrik Sedin             Matt Read                Rich Peverley            60     1   2  2  
 2 Olli Jokinen             Matt Hendricks           Deryk Engelland          40     1   2  2  

PowerPlay Defense
   Defense                  Defense                                           Time % Phy DF OF 
 1 Dion Phaneuf             Mike Weber                                        60     1   2  2  
 2 Mike Green               Jay Harrison                                      40     1   2  2  

Penalty Kill 4 Players Forward 
   Center                   Wing                     Time % Phy DF OF 
 1 Henrik Sedin             Matt Read                60     1   2  2  
 2 Olli Jokinen             Rich Peverley            40     1   2  2  

Penalty Kill 4 Players Defense
   Defense                  Defense                  Time % Phy DF OF 
 1 Dion Phaneuf             Mike Weber               60     1   2  2  
 2 Mike Green               Jay Harrison             40     1   2  2  

Penalty Kill - 3 Players Forward 
   Forward                                           Time % Phy DF OF 
 1 Henrik Sedin                                      60     1   2  2  
 2 Matt Read                                         40     1   2  2  

Penalty Kill - 3 Players Defense
   Defense                  Defense                  Time % Phy DF OF 
 1 Dion Phaneuf             Mike Weber               60     1   2  2  
 2 Mike Green               Jay Harrison             40     1   2  2  

4 vs 4 Forward 
   Center                   Wing                     Time % Phy DF OF 
 1 Henrik Sedin             Matt Read                60     1   2  2  
 2 Olli Jokinen             Rich Peverley            40     1   2  2  

4 vs 4 Defense
   Defense                  Defense                  Time % Phy DF OF 
 1 Dion Phaneuf             Mike Weber               60     1   2  2  
 2 Mike Green               Jay Harrison             40     1   2  2  

Last Minutes Offensive
   Center                   Left Wing                Right Wing               Defense                  Defense                  
   Henrik Sedin             Matt Read                Rich Peverley            Dion Phaneuf             Mike Weber               

Last Minutes Defensive
   Center                   Left Wing                Right Wing               Defense                  Defense                  
   Henrik Sedin             Matt Read                Rich Peverley            Dion Phaneuf             Mike Weber               

Goaltenders
Starting : Antti Raanta             
Backup : Viktor Fasth             

Extra Forwards
Normal : Brian Gionta, Nathan Gerbe, Adam Hall - PP : Brian Gionta, Nathan Gerbe - PK : Adam Hall
Extra Defensemen
Normal : Mark Fistric, Erik Gustafsson, Deryk Engelland - PP : Mark Fistric - PK : Erik Gustafsson, Deryk Engelland
Penalty Shots
Henrik Sedin, Matt Read, Olli Jokinen, Rich Peverley, Deryk Engelland

% Time on Ice - Canucks

Lines # - Real PCT - Wanted PCT - Time Play
Normal Forward
1 - 29% - 35% - 12:43
2 - 24% - 30% - 10:25
3 - 27% - 22% - 11:41
4 - 20% - 13% - 8:45
Normal Defense
1 - 33% - 35% - 14:17
2 - 32% - 30% - 14:05
3 - 30% - 22% - 13:04
4 - 5% - 13% - 2:08
PP Forward
1 - 51% - 60% - 6:22
2 - 49% - 40% - 6:06
PP Defense
1 - 63% - 60% - 7:49
2 - 37% - 40% - 4:39
PK Forward
1 - 85% - 60% - 3:23
2 - 15% - 40% - 0:35
PK Defense
1 - 73% - 60% - 2:54
2 - 27% - 40% - 1:04
PK3 Forward
1 - 0% - 60%
2 - 0% - 40%
PK3 Defense
1 - 0% - 60%
2 - 0% - 40%
44 Forward
1 - 100% - 60% - 0:59
2 - 0% - 40% - 0:00
44 Defense
1 - 100% - 60% - 0:59
2 - 0% - 40% - 0:00
Last Minute Offensive  - 0:00
Last Minute Defensive  - 0:00
Total
Forward - 60:59
Defense - 60:59

% Time on Ice - Sharks

Lines # - Real PCT - Wanted PCT - Time Play
Normal Forward
1 - 24% - 35% - 10:32
2 - 31% - 30% - 13:31
3 - 30% - 22% - 12:52
4 - 15% - 13% - 6:39
Normal Defense
1 - 32% - 35% - 14:01
2 - 35% - 30% - 15:12
3 - 28% - 22% - 12:05
4 - 5% - 13% - 2:16
PP Forward
1 - 44% - 60% - 1:44
2 - 56% - 40% - 2:14
PP Defense
1 - 46% - 60% - 1:49
2 - 54% - 40% - 2:09
PK Forward
1 - 71% - 60% - 7:53
2 - 29% - 40% - 3:14
PK Defense
1 - 57% - 60% - 6:17
2 - 43% - 40% - 4:50
PK3 Forward
1 - 100% - 60% - 2:20
2 - 0% - 40% - 0:00
PK3 Defense
1 - 91% - 60% - 2:08
2 - 9% - 40% - 0:12
44 Forward
1 - 0% - 60%
2 - 0% - 40%
44 Defense
1 - 0% - 60%
2 - 0% - 40%
Last Minute Offensive  - 0:00
Last Minute Defensive  - 0:00
Total
Forward - 60:59
Defense - 60:59

Play by Play

1st period


0:01 of 1st period - Pavel Datsyuk wins face-off versus Henrik Sedin in neutral zone.
0:28 of 1st period - Andrei Markov is hit by Henrik Sedin and loses puck.
1:08 of 1st period - Mike Green is hit by Cody Hodgson and loses puck.
1:19 of 1st period - Wrist shot by Ryane Clowe.
1:19 of 1st period - Shot Hit the Post.
2:46 of 1st period - Minor Penalty to Andrew Ebbett for Holding.
2:47 of 1st period - Matt Read wins face-off versus Pavel Datsyuk in Sharks zone.
3:40 of 1st period - Wrist shot by Matt Read.
3:40 of 1st period - Deflect By Henrik Sedin.
3:40 of 1st period - Shot Blocked by Andrei Markov.
3:40 of 1st period - Puck is out of play.
3:41 of 1st period - Cody Hodgson wins face-off versus Henrik Sedin in Canucks zone.
4:26 of 1st period - Wrist shot by Olli Jokinen.
4:26 of 1st period - Shot Blocked by Brendan Gallagher.
4:28 of 1st period - Slapshot by Mike Green.
4:28 of 1st period - Shot Misses the Net.
4:46 of 1st period - Penalty to Andrew Ebbett is over, Andrew Ebbett is back on ice.
4:57 of 1st period - Snap shot by Pavel Datsyuk.
4:57 of 1st period - Shot Misses the Net.
4:59 of 1st period - Slapshot by Victor Hedman.
4:59 of 1st period - Stopped by Antti Raanta with a rebound.
5:01 of 1st period - Slapshot by Victor Hedman.
5:01 of 1st period - Stopped by Antti Raanta with a rebound.
5:03 of 1st period - Slapshot by Andrei Markov.
5:03 of 1st period - Stopped by Antti Raanta with a rebound.
5:05 of 1st period - Snap shot by Clarke MacArthur.
5:05 of 1st period - Stopped by Antti Raanta without a rebound.
5:06 of 1st period - Adam Hall wins face-off versus Boyd Gordon in Sharks zone.
5:23 of 1st period - Snap shot by Brian Gionta.
5:23 of 1st period - Stopped by Ben Bishop with a rebound.
5:25 of 1st period - Slapshot by Mike Weber.
5:25 of 1st period - Stopped by Ben Bishop without a rebound.
5:26 of 1st period - Boyd Gordon wins face-off versus Adam Hall in Canucks zone.
5:58 of 1st period - Minor Penalty to Willie Mitchell for Hooking.
5:59 of 1st period - Boyd Gordon wins face-off versus Olli Jokinen in Canucks zone.
6:34 of 1st period - Snap shot by Matt Hendricks.
6:34 of 1st period - Shot Misses the Net.
6:36 of 1st period - Wrist shot by Dion Phaneuf.
6:36 of 1st period - Shot Blocked by Victor Hedman.
7:31 of 1st period - Niklas Hjalmarsson is hit by Deryk Engelland and loses puck.
7:58 of 1st period - Penalty to Willie Mitchell is over, Willie Mitchell is back on ice.
8:14 of 1st period - Snap shot by Brian Gionta.
8:14 of 1st period - Stopped by Ben Bishop with a rebound.
8:16 of 1st period - Slapshot by Mike Weber.
8:16 of 1st period - Goal by Mike Weber - Canucks : 0 - Sharks : 1.
8:17 of 1st period - Adam Hall wins face-off versus Pavel Datsyuk in neutral zone.
9:15 of 1st period - Mike Green is hit by Jared Cowen and loses puck.
9:20 of 1st period - Slapshot by Cody Hodgson.
9:20 of 1st period - Deflect By Ryane Clowe.
9:20 of 1st period - Shot Blocked by Jay Harrison.
9:20 of 1st period - Puck is out of play.
9:21 of 1st period - Kyle Brodziak wins face-off versus Olli Jokinen in Sharks zone.
9:22 of 1st period - Slapshot by Andrei Markov.
9:22 of 1st period - Deflect By Zack Kassian.
9:22 of 1st period - Shot Blocked by Deryk Engelland.
9:22 of 1st period - Puck is out of play.
9:23 of 1st period - Deryk Engelland wins face-off versus Kyle Brodziak in Sharks zone.
9:30 of 1st period - Slapshot by Mike Green.
9:30 of 1st period - Shot Misses the Net.
9:34 of 1st period - Snap shot by Matt Hendricks.
9:34 of 1st period - Stopped by Ben Bishop with a rebound.
9:36 of 1st period - Slapshot by Jay Harrison.
9:36 of 1st period - Deflect By Matt Hendricks.
9:36 of 1st period - Shot Misses the Net.
9:36 of 1st period - Puck is out of play.
9:37 of 1st period - Kyle Brodziak wins face-off versus Olli Jokinen in Canucks zone.
9:37 of 1st period - Victor Hedman is hit by Mike Weber and loses puck.
9:43 of 1st period - Minor Penalty to Mike Weber for Tripping.
9:44 of 1st period - Pavel Datsyuk wins face-off versus Henrik Sedin in Sharks zone.
10:37 of 1st period - Erik Gustafsson is hit by Cody Hodgson and loses puck.
10:42 of 1st period - Slapshot by Cody Hodgson.
10:42 of 1st period - Goal by Cody Hodgson - Canucks : 1 - Sharks : 1.
10:43 of 1st period - Olli Jokinen wins face-off versus Boyd Gordon in neutral zone.
10:54 of 1st period - Jay Harrison is hit by Ryan White and loses puck.
11:03 of 1st period - Wrist shot by Niklas Hjalmarsson.
11:03 of 1st period - Stopped by Antti Raanta with a rebound.
11:35 of 1st period - Christopher Tanev is hit by Jay Harrison.
11:47 of 1st period - Snap shot by Pavel Datsyuk.
11:47 of 1st period - Deflect By Clarke MacArthur.
11:47 of 1st period - Stopped by Antti Raanta with a rebound.
12:02 of 1st period - Clarke MacArthur is hit by Adam Hall.
12:10 of 1st period - Mike Green is hit by Victor Hedman and loses puck.
12:47 of 1st period - Snap shot by Michael Grabner.
12:47 of 1st period - Shot Misses the Net.
12:49 of 1st period - Slapshot by Willie Mitchell.
12:49 of 1st period - Shot Misses the Net.
12:51 of 1st period - Slapshot by Jared Cowen.
12:51 of 1st period - Stopped by Antti Raanta without a rebound.
12:52 of 1st period - Zack Kassian wins face-off versus Olli Jokinen in Sharks zone.
14:09 of 1st period - Blake Comeau is hit by Ryan White.
15:00 of 1st period - Snap shot by Henrik Sedin.
15:00 of 1st period - Deflect By Rich Peverley.
15:00 of 1st period - Stopped by Ben Bishop with a rebound.
15:20 of 1st period - Snap shot by Olli Jokinen.
15:20 of 1st period - Stopped by Ben Bishop with a rebound.
15:22 of 1st period - Slapshot by Erik Gustafsson.
15:22 of 1st period - Shot Misses the Net.
15:24 of 1st period - Wrist shot by Deryk Engelland.
15:24 of 1st period - Stopped by Ben Bishop with a rebound.
15:26 of 1st period - Wrist shot by Dion Phaneuf.
15:26 of 1st period - Stopped by Ben Bishop with a rebound.
15:55 of 1st period - Clarke MacArthur is hit by Mike Weber and loses puck.
16:37 of 1st period - Deryk Engelland is hit by Ryane Clowe and loses puck.
16:54 of 1st period - Snap shot by Ryane Clowe.
16:54 of 1st period - Stopped by Antti Raanta without a rebound.
16:55 of 1st period - Kyle Brodziak wins face-off versus Blake Comeau in Sharks zone.
17:20 of 1st period - Backhand shot by Zack Kassian.
17:20 of 1st period - Shot Hit the Post.
17:53 of 1st period - Mike Green is hit by Clarke MacArthur and loses puck.
18:29 of 1st period - Olli Jokinen is hit by Andrei Markov and loses puck.
18:42 of 1st period - Slapshot by Ryane Clowe.
18:42 of 1st period - Stopped by Antti Raanta with a rebound.
19:06 of 1st period - Slapshot by Cody Hodgson.
19:06 of 1st period - Shot Blocked by Erik Gustafsson.
19:08 of 1st period - Slapshot by Michael Grabner.
19:08 of 1st period - Stopped by Antti Raanta with a rebound.
19:10 of 1st period - Slapshot by Willie Mitchell.
19:10 of 1st period - Stopped by Antti Raanta with a rebound.
19:12 of 1st period - Slapshot by Michael Grabner.
19:12 of 1st period - Shot Misses the Net.
19:26 of 1st period - Olli Jokinen is hit by Willie Mitchell and loses puck.
Goals for this period are 1 for Canucks vs 1 for Sharks.
Shots for this period are 12 for Canucks vs 9 for Sharks.

2nd period


0:01 of 2nd period - Henrik Sedin wins face-off versus Cody Hodgson in neutral zone.
0:54 of 2nd period - Wrist shot by Olli Jokinen.
0:54 of 2nd period - Shot Misses the Net.
0:56 of 2nd period - Snap shot by Jay Harrison.
0:56 of 2nd period - Shot Misses the Net.
1:18 of 2nd period - Olli Jokinen is hit by Clarke MacArthur and loses puck.
2:04 of 2nd period - Snap shot by Nathan Gerbe.
2:04 of 2nd period - Stopped by Ben Bishop without a rebound.
2:05 of 2nd period - Kyle Brodziak wins face-off versus Henrik Sedin in Canucks zone.
2:16 of 2nd period - Andrew Ebbett is hit by Zack Kassian and loses puck.
2:28 of 2nd period - Off-side.
2:29 of 2nd period - Cody Hodgson wins face-off versus Rich Peverley in neutral zone.
2:32 of 2nd period - Slapshot by Willie Mitchell.
2:32 of 2nd period - Shot Misses the Net.
3:00 of 2nd period - Snap shot by Cody Hodgson.
3:00 of 2nd period - Stopped by Antti Raanta without a rebound.
3:01 of 2nd period - Pavel Datsyuk wins face-off versus Olli Jokinen in Sharks zone.
3:07 of 2nd period - Off-side.
3:08 of 2nd period - Pavel Datsyuk wins face-off versus Olli Jokinen in neutral zone.
3:29 of 2nd period - Slapshot by Dion Phaneuf.
3:29 of 2nd period - Shot Blocked by Christopher Tanev.
4:03 of 2nd period - Mike Weber is hit by Ryane Clowe.
4:07 of 2nd period - Mike Weber is hit by Niklas Hjalmarsson and loses puck.
4:22 of 2nd period - Icing by Ryane Clowe.
4:23 of 2nd period - Brian Gionta wins face-off versus Cody Hodgson in Canucks zone.
4:30 of 2nd period - Snap shot by Nathan Gerbe.
4:30 of 2nd period - Deflect By Brian Gionta.
4:30 of 2nd period - Shot Blocked by Andrei Markov.
4:30 of 2nd period - Puck is out of play.
4:31 of 2nd period - Adam Hall wins face-off versus Boyd Gordon in Canucks zone.
5:07 of 2nd period - Slapshot by Nathan Gerbe.
5:07 of 2nd period - Stopped by Ben Bishop without a rebound.
5:08 of 2nd period - Pavel Datsyuk wins face-off versus Rich Peverley in Canucks zone.
5:37 of 2nd period - Backhand shot by Pavel Datsyuk.
5:37 of 2nd period - Shot Misses the Net.
5:39 of 2nd period - Slapshot by Niklas Hjalmarsson.
5:39 of 2nd period - Shot Blocked by Erik Gustafsson.
5:41 of 2nd period - Slapshot by Christopher Tanev.
5:41 of 2nd period - Stopped by Antti Raanta with a rebound.
5:43 of 2nd period - Snap shot by Christopher Tanev.
5:43 of 2nd period - Deflect By Pavel Datsyuk.
5:43 of 2nd period - Stopped by Antti Raanta with a rebound.
5:45 of 2nd period - Slapshot by Niklas Hjalmarsson.
5:45 of 2nd period - Stopped by Antti Raanta with a rebound.
5:51 of 2nd period - Minor Penalty to Henrik Sedin for Hooking.
5:52 of 2nd period - Adam Hall wins face-off versus Cody Hodgson in Sharks zone.
6:07 of 2nd period - Wrist shot by Adam Hall.
6:07 of 2nd period - Shot Misses the Net.
6:29 of 2nd period - Minor Penalty to Mike Weber for Hooking.
6:30 of 2nd period - Adam Hall wins face-off versus Pavel Datsyuk in Sharks zone.
6:37 of 2nd period - Snap shot by Pavel Datsyuk.
6:37 of 2nd period - Shot Misses the Net.
6:39 of 2nd period - Slapshot by Clarke MacArthur.
6:39 of 2nd period - Stopped by Antti Raanta with a rebound.
6:41 of 2nd period - Snap shot by Victor Hedman.
6:41 of 2nd period - Shot Blocked by Dion Phaneuf.
6:43 of 2nd period - Snap shot by Andrei Markov.
6:43 of 2nd period - Shot Misses the Net.
7:01 of 2nd period - Wrist shot by Pavel Datsyuk.
7:01 of 2nd period - Shot Misses the Net.
7:03 of 2nd period - Snap shot by Andrei Markov.
7:03 of 2nd period - Shot Misses the Net.
7:05 of 2nd period - Snap shot by Michael Grabner.
7:05 of 2nd period - Stopped by Antti Raanta with a rebound.
7:07 of 2nd period - Wrist shot by Andrei Markov.
7:07 of 2nd period - Shot Blocked by Dion Phaneuf.
7:42 of 2nd period - Icing by Niklas Hjalmarsson.
7:43 of 2nd period - Pavel Datsyuk wins face-off versus Alexandre Bolduc in Canucks zone.
7:51 of 2nd period - Penalty to Henrik Sedin is over, Henrik Sedin is back on ice.
8:14 of 2nd period - Snap shot by Cody Hodgson.
8:14 of 2nd period - Stopped by Antti Raanta without a rebound.
8:15 of 2nd period - Henrik Sedin wins face-off versus Cody Hodgson in Sharks zone.
8:26 of 2nd period - Wrist shot by Matt Read.
8:26 of 2nd period - Deflect By Ryane Clowe.
8:26 of 2nd period - Stopped by Ben Bishop without a rebound.
8:27 of 2nd period - Pavel Datsyuk wins face-off versus Matt Read in Canucks zone.
8:29 of 2nd period - Penalty to Mike Weber is over, Mike Weber is back on ice.
9:17 of 2nd period - Wrist shot by Mason Raymond.
9:17 of 2nd period - Stopped by Antti Raanta with a rebound.
9:19 of 2nd period - Slapshot by Willie Mitchell.
9:19 of 2nd period - Shot Blocked by Dion Phaneuf.
9:21 of 2nd period - Slapshot by Willie Mitchell.
9:21 of 2nd period - Stopped by Antti Raanta with a rebound.
9:23 of 2nd period - Snap shot by Willie Mitchell.
9:23 of 2nd period - Stopped by Antti Raanta with a rebound.
9:33 of 2nd period - Minor Penalty to Dion Phaneuf for Roughing.
9:34 of 2nd period - Pavel Datsyuk wins face-off versus Henrik Sedin in Sharks zone.
11:09 of 2nd period - Slapshot by Pavel Datsyuk.
11:09 of 2nd period - Stopped by Antti Raanta without a rebound.
11:10 of 2nd period - Pavel Datsyuk wins face-off versus Adam Hall in Sharks zone.
11:33 of 2nd period - Penalty to Dion Phaneuf is over, Dion Phaneuf is back on ice.
11:48 of 2nd period - Victor Hedman is hit by Erik Gustafsson and loses puck.
12:09 of 2nd period - Jared Cowen is hit by Adam Hall and loses puck.
13:13 of 2nd period - Jared Cowen is hit by Jay Harrison and loses puck.
13:32 of 2nd period - Minor Penalty to Willie Mitchell for Delaying the game.
13:33 of 2nd period - Boyd Gordon wins face-off versus Olli Jokinen in Canucks zone.
14:04 of 2nd period - Off-side.
14:05 of 2nd period - Boyd Gordon wins face-off versus Henrik Sedin in neutral zone.
14:28 of 2nd period - Icing by Deryk Engelland.
14:29 of 2nd period - Olli Jokinen wins face-off versus Boyd Gordon in Sharks zone.
14:40 of 2nd period - James Wright is hit by Deryk Engelland and loses puck.
15:27 of 2nd period - Slapshot by Dion Phaneuf.
15:27 of 2nd period - Shot Blocked by Andrei Markov.
15:32 of 2nd period - Penalty to Willie Mitchell is over, Willie Mitchell is back on ice.
15:43 of 2nd period - Wrist shot by Henrik Sedin.
15:43 of 2nd period - Shot Blocked by Andrei Markov.
16:23 of 2nd period - Snap shot by Brian Gionta.
16:23 of 2nd period - Stopped by Ben Bishop with a rebound.
17:04 of 2nd period - Matt Hendricks is hit by Clarke MacArthur and loses puck.
17:09 of 2nd period - Slapshot by Pavel Datsyuk.
17:09 of 2nd period - Shot Misses the Net.
17:11 of 2nd period - Snap shot by Clarke MacArthur.
17:11 of 2nd period - Shot Misses the Net.
17:47 of 2nd period - Willie Mitchell is hit by Olli Jokinen and loses puck.
19:26 of 2nd period - Wrist shot by Adam Hall.
19:26 of 2nd period - Stopped by Ben Bishop with a rebound.
Goals for this period are 0 for Canucks vs 0 for Sharks.
Shots for this period are 11 for Canucks vs 5 for Sharks.

3rd period


0:01 of 3rd period - Rich Peverley wins face-off versus Cody Hodgson in neutral zone.
0:28 of 3rd period - Wrist shot by Cody Hodgson.
0:28 of 3rd period - Shot Misses the Net.
0:30 of 3rd period - Wrist shot by Andrei Markov.
0:30 of 3rd period - Stopped by Antti Raanta with a rebound.
0:32 of 3rd period - Wrist shot by Cody Hodgson.
0:32 of 3rd period - Shot Hit the Post.
1:04 of 3rd period - Off-side.
1:05 of 3rd period - Kyle Brodziak wins face-off versus Olli Jokinen in neutral zone.
1:38 of 3rd period - Slapshot by Olli Jokinen.
1:38 of 3rd period - Stopped by Ben Bishop with a rebound.
1:40 of 3rd period - Snap shot by Mike Green.
1:40 of 3rd period - Deflect By Olli Jokinen.
1:40 of 3rd period - Stopped by Ben Bishop without a rebound.
1:41 of 3rd period - Adam Hall wins face-off versus Pavel Datsyuk in Canucks zone.
2:00 of 3rd period - Snap shot by Brendan Gallagher.
2:00 of 3rd period - Stopped by Antti Raanta with a rebound.
2:02 of 3rd period - Minor Penalty to Mark Fistric for Interference.
2:03 of 3rd period - Henrik Sedin wins face-off versus Clarke MacArthur in Sharks zone.
2:24 of 3rd period - Andrei Markov is hit by Mike Weber and loses puck.
2:55 of 3rd period - Mike Weber is hit by Ryane Clowe.
2:59 of 3rd period - Victor Hedman is hit by Henrik Sedin and loses puck.
4:02 of 3rd period - Penalty to Mark Fistric is over, Mark Fistric is back on ice.
4:15 of 3rd period - Icing by Matt Read.
4:16 of 3rd period - Henrik Sedin wins face-off versus Mason Raymond in Sharks zone.
4:38 of 3rd period - Slapshot by Boyd Gordon.
4:38 of 3rd period - Shot Misses the Net.
4:40 of 3rd period - Wrist shot by Willie Mitchell.
4:40 of 3rd period - Deflect By Mason Raymond.
4:40 of 3rd period - Shot Misses the Net.
4:40 of 3rd period - Puck is out of play.
4:41 of 3rd period - Kyle Brodziak wins face-off versus Olli Jokinen in Sharks zone.
4:46 of 3rd period - Slapshot by Zack Kassian.
4:46 of 3rd period - Shot Blocked by Mike Weber.
6:13 of 3rd period - Wrist shot by Henrik Sedin.
6:13 of 3rd period - Shot Blocked by Victor Hedman.
6:15 of 3rd period - Wrist shot by Henrik Sedin.
6:15 of 3rd period - Deflect By Blake Comeau.
6:15 of 3rd period - Stopped by Ben Bishop with a rebound.
6:51 of 3rd period - Nathan Gerbe is hit by Cody Hodgson.
7:29 of 3rd period - Jared Cowen is hit by Deryk Engelland and loses puck.
7:42 of 3rd period - Slapshot by Olli Jokinen.
7:42 of 3rd period - Shot Misses the Net.
8:04 of 3rd period - Minor Penalty to Mark Fistric for Roughing.
8:05 of 3rd period - Henrik Sedin wins face-off versus Pavel Datsyuk in Sharks zone.
8:53 of 3rd period - Wrist shot by Brendan Gallagher.
8:53 of 3rd period - Shot Misses the Net.
9:16 of 3rd period - Snap shot by Ryane Clowe.
9:16 of 3rd period - Deflect By Dion Phaneuf.
9:16 of 3rd period - Stopped by Antti Raanta without a rebound.
9:17 of 3rd period - Olli Jokinen wins face-off versus Pavel Datsyuk in Sharks zone.
9:26 of 3rd period - Slapshot by Mike Green.
9:26 of 3rd period - Stopped by Ben Bishop with a rebound.
9:34 of 3rd period - Rich Peverley is hit by Clarke MacArthur and loses puck.
9:45 of 3rd period - Snap shot by Rich Peverley.
9:45 of 3rd period - Shot Hit the Post.
9:52 of 3rd period - Off-side.
9:53 of 3rd period - Cody Hodgson wins face-off versus Henrik Sedin in neutral zone.
10:04 of 3rd period - Penalty to Mark Fistric is over, Mark Fistric is back on ice.
10:22 of 3rd period - Slapshot by Victor Hedman.
10:22 of 3rd period - Shot Blocked by Mike Weber.
10:46 of 3rd period - Snap shot by Brian Gionta.
10:46 of 3rd period - Deflect By Nathan Gerbe.
10:46 of 3rd period - Shot Misses the Net.
10:46 of 3rd period - Puck is out of play.
10:47 of 3rd period - Kyle Brodziak wins face-off versus Adam Hall in Canucks zone.
10:52 of 3rd period - Wrist shot by Brian Gionta.
10:52 of 3rd period - Stopped by Ben Bishop with a rebound.
10:54 of 3rd period - Wrist shot by Jay Harrison.
10:54 of 3rd period - Stopped by Ben Bishop with a rebound.
11:36 of 3rd period - Christopher Tanev is hit by Mike Green and loses puck.
12:03 of 3rd period - Mike Weber is hit by Pavel Datsyuk and loses puck.
12:16 of 3rd period - Snap shot by Olli Jokinen.
12:16 of 3rd period - Stopped by Ben Bishop with a rebound.
13:05 of 3rd period - Wrist shot by Nathan Gerbe.
13:05 of 3rd period - Stopped by Ben Bishop with a rebound.
13:15 of 3rd period - Mike Green is hit by Cody Hodgson and loses puck.
13:58 of 3rd period - Ryan White is hit by Adam Hall and loses puck.
14:18 of 3rd period - Snap shot by Jared Cowen.
14:18 of 3rd period - Deflect By Boyd Gordon.
14:18 of 3rd period - Shot Misses the Net.
14:18 of 3rd period - Puck is out of play.
14:19 of 3rd period - Henrik Sedin wins face-off versus Kyle Brodziak in Sharks zone.
15:18 of 3rd period - Snap shot by Pavel Datsyuk.
15:18 of 3rd period - Stopped by Antti Raanta without a rebound.
15:19 of 3rd period - Olli Jokinen wins face-off versus Pavel Datsyuk in Sharks zone.
15:48 of 3rd period - Victor Hedman is hit by Olli Jokinen and loses puck.
16:04 of 3rd period - Brian Gionta is hit by Victor Hedman.
16:27 of 3rd period - Off-side.
16:28 of 3rd period - Kyle Brodziak wins face-off versus Olli Jokinen in neutral zone.
17:12 of 3rd period - Henrik Sedin is hit by Willie Mitchell and loses puck.
18:16 of 3rd period - Snap shot by Pavel Datsyuk.
18:16 of 3rd period - Deflect By Clarke MacArthur.
18:16 of 3rd period - Stopped by Antti Raanta with a rebound.
18:48 of 3rd period - Backhand shot by Brian Gionta.
18:48 of 3rd period - Deflect By Nathan Gerbe.
18:48 of 3rd period - Shot Misses the Net.
18:48 of 3rd period - Puck is out of play.
18:49 of 3rd period - Adam Hall wins face-off versus Kyle Brodziak in Canucks zone.
18:54 of 3rd period - Wrist shot by Nathan Gerbe.
18:54 of 3rd period - Shot Blocked by Willie Mitchell.
19:03 of 3rd period - Minor Penalty to Mike Weber for Interference.
19:04 of 3rd period - Adam Hall wins face-off versus Pavel Datsyuk in Sharks zone.
19:38 of 3rd period - Snap shot by Pavel Datsyuk.
19:38 of 3rd period - Shot Blocked by Dion Phaneuf.
19:58 of 3rd period - Christopher Tanev is hit by Dion Phaneuf and loses puck.
Goals for this period are 0 for Canucks vs 0 for Sharks.
Shots for this period are 5 for Canucks vs 8 for Sharks.

Overtime #1


0:01 of 1st overtime period - Henrik Sedin wins face-off versus Pavel Datsyuk in neutral zone.
0:04 of 1st overtime period - Andrei Markov is hit by Erik Gustafsson and loses puck.
0:27 of 1st overtime period - Slapshot by Dion Phaneuf.
0:27 of 1st overtime period - Deflect By Andrei Markov.
0:27 of 1st overtime period - Stopped by Ben Bishop without a rebound.
0:28 of 1st overtime period - Pavel Datsyuk wins face-off versus Henrik Sedin in Canucks zone.
0:59 of 1st overtime period - Slapshot by Erik Gustafsson.
0:59 of 1st overtime period - Goal by Erik Gustafsson - Canucks : 1 - Sharks : 2.
Goals for this period are 0 for Canucks vs 1 for Sharks.
Shots for this period are 0 for Canucks vs 2 for Sharks.


Output by the SimonT Hockey Simulator (STHS) for Eric Dolegowski -- Original Page W3C XHTML 1.0 Valid
Hockey Simulator - Hockey Simulation - Hockey Manager